 Dungeon Crawl Stone Soup version 0.17-a0-2027-gcac42c4 (webtiles) character file.

62 Ijustatesigmund the Sneak (level 4, -6/28 HPs)
             Began as an Octopode Transmuter on Oct 10, 2015.
             Killed from afar by Terence (13 damage)
             ... with a wand of frost
             ... on level 2 of the Dungeon.
             The game lasted 00:12:56 (2027 turns).

Ijustatesigmund the Sneak (Octopode Transmuter)     Turns: 2027, Time: 00:12:56

Health: -6/28      AC:  1    Str:  9    XL:     4   Next: 8%
Magic:  2/16       EV: 18    Int: 16    God:
Gold:   111        SH:  0    Dex: 17    Spells: 3 memorised, 1 level left

rFire  . . .     SeeInvis .     e - +0 short sword
rCold  . . .     Clarity  .     (no shield)
rNeg   . . .     SustAt   .     (helmet restricted)
rPois  .         Gourm    .     (no amulet)
rElec  .         Spirit   .     l - ring of magical power
rCorr  .         Warding  .     (no ring)
rMut   .         Stasis   .     (no ring)
MR     .....                    (no ring)
Stlth  +++++.....               (no ring)
                                (no ring)
                                (no ring)
                                (no ring)

@: agile, very slightly contaminated, not resistant to hostile enchantments,
quite stealthy
A: almost no armour, amphibious, 8 rings, constrict 8, camouflage 1, gelatinous
body 1
a: no special abilities


You were on level 2 of the Dungeon.
You were not hungry.

You visited 1 branch of the dungeon, and saw 3 of its levels.

You collected 111 gold pieces.

Inventory:

Hand Weapons
 e - a +0 short sword (weapon)
 j - a +0 dagger
Missiles
 a - 36 arrows
Jewellery
 l - a ring of magical power (left tentacle)
Potions
 f - a potion of haste {unknown}
 h - a potion of degeneration {unknown}
 k - a potion of heal wounds {unknown}
 m - 2 potions of magic {unknown}
 n - a potion of mutation {unknown}
Books
 b - a book of Changes

   Spells                             Type                      Level
   a - Beastly Appendage              Transmutation                1
   b - Sticks to Snakes               Transmutation                2
   c - Spider Form                    Transmutation/Poison         3
   d - Ice Form                       Ice/Transmutation            4
   e - Blade Hands                    Transmutation                5
Comestibles
 c - 2 bread rations
 g - 7 chunks of flesh
 i - a meat ration


   Skills:
 - Level 1.0 Fighting
 + Level 0.8 Short Blades
 - Level 2.0 Dodging
 + Level 3.1 Stealth
 - Level 3.0 Unarmed Combat
 - Level 2.0 Spellcasting
 + Level 3.0 Transmutations
 + Level 1.2 Poison Magic


You had one spell level left.
You knew the following spells:

 Your Spells              Type           Power        Failure   Level  Hunger
a - Beastly Appendage     Trmt           ##....       8%          1    #......
b - Sticks to Snakes      Trmt           ##........   10%         2    ###....
c - Spider Form           Trmt/Pois      #.........   28%         3    ###....


Dungeon Overview and Level Annotations

Branches:
Dungeon (3/15)

Altars:

Annotations:
D:2 Terence


Innate Abilities, Weirdness & Mutations

You cannot wear most types of armour.
You are amphibious.
You can wear up to eight rings at the same time.
You can use your tentacles to constrict eight enemies at once.
Your skin changes colour to match your surroundings (Stealth).
Your rubbery body absorbs attacks (AC +1).


Message History

Your ball python bites Terence but does no damage.
Your ball python constricts Terence.
Your adder bites Terence.
What do you say? t - Shout!
Orders for allies: a - Attack new target. p - Attack previous target. r - Retreat! s - Stop attacking. w - Wait here. f - Follow me.
Anything else - Stay silent.
Gang up on whom?
Press: ? - help, Dir - move target cursor, f/p - Terence
Aim: Terence, wielding a morningstar, wearing a scale mail and carrying a wand of frost {zapped: 4} (moderately wounded, constricted by your ball python) Attack!
Terence zaps a wand.
The puff of frost hits your ball python.
Your ball python dies!
Your ball python bites Terence but does no damage.
Your ball python constricts Terence.
Your adder bites Terence but does no damage.
Sorry, you're not good enough to have a special ability.
Terence zaps a wand.
The puff of frost hits you!
You die...

.# #.................... .#
#....####.........##. .##
#.................##. ...
#....@S...........##. ... .
#...S.##..#.########. .##
..##......#[.#.########. ...
........................ .##
..#.........##.########. ...
<...........@.#####....# #. ##
.......#..........####.## #. .#
..............###### #..# #(
.####......#...........# #..####.
................#.####.###......[
...........#....#.##............#
..###............................
.....<.).........................
#.###.#..####...........##..###.)


You could see Terence, a friendly adder and a friendly ball python.

Vanquished Creatures
  2 orcs (D:2)
  7 bats
  3 giant cockroaches
  6 goblins
  11 hobgoblins
  3 jackals (D:1)
  A quokka (D:2)
  3 giant newts
  2 kobolds (D:1)
  6 rats
44 creatures vanquished.

Vanquished Creatures (collateral kills)
  2 adders (D:2)
  A worm (D:2)
  2 hobgoblins (D:2)
5 creatures vanquished.

Grand Total: 49 creatures vanquished

Notes
Turn   | Place    | Note
--------------------------------------------------------------
     0 | D:1      | Ijustatesigmund the Octopode Transmuter began the quest for the Orb.
     0 | D:1      | Reached XP level 1. HP: 13/13 MP: 3/3
    13 | D:1      | Reached skill level 1 in Stealth
    27 | D:1      | Reached XP level 2. HP: 16/18 MP: 5/5
    31 | D:1      | Learned a level 2 spell: Sticks to Snakes
   552 | D:2      | Reached XP level 3. HP: 23/23 MP: 6/6
   567 | D:2      | Learned a level 3 spell: Spider Form
   725 | D:2      | Noticed Terence
  1979 | D:2      | Reached skill level 1 in Poison Magic
  1979 | D:2      | Reached XP level 4. HP: 28/28 MP: 7/7
  2027 | D:2      | Killed from afar by Terence

Vault maps used:
D:1:      dpeg_arrival_rhombus, minmay_misc_feat_room, hangedman_decor_opposing
D:2:      first_bread, uniq_terence
D:3:      kennysheep_the_goblin_king, fountainhead

Action                   |  1- 3 |  4- 6 || total
-------------------------+-------+-------++-------
Melee: Unarmed           |    42 |       ||    42
       Dagger            |    49 |       ||    49
       Short sword       |     6 |     3 ||     9
Throw: Tomahawk          |     4 |       ||     4
 Cast: Sticks to Snakes  |    11 |     7 ||    18
  Use: Scroll            |     5 |       ||     5
       Potion            |       |     1 ||     1
 Stab: Sleeping          |    11 |       ||    11
       Distracted        |     1 |     1 ||     2
  Eat: Chunk             |     3 |       ||     3
       Beef jerky        |     1 |       ||     1
